 Dungeon Crawl Stone Soup version 0.29-a0-870-g2c972031a6 (webtiles) character file.

Game seed: 8961622122292937682

128 blackman the Chopper (level 4, -4/35 HPs)
             Began as a Demonspawn Fighter on July 17, 2022.
             Slain by a gnoll
             ... wielding a +0 halberd
              (10 damage)
             ... on level 3 of the Dungeon.
             The game lasted 00:03:30 (2043 turns).

blackman the Chopper (Demonspawn Fighter)           Turns: 2043, Time: 00:03:30

Health: -4/35      AC:  6    Str: 18    XL:     4   Next: 86%
Magic:  4/4        EV:  9    Int: 10    God:
Gold:   118        SH:  8    Dex: 12    Spells: 3/3 levels left

rFire   . . .      SeeInvis .   a - +0 war axe
rCold   . . .      Faith    .   c - +0 buckler
rNeg    . . .      Spirit   .   b - +0 scale mail
rPois   .          Reflect  .   (no helmet)
rElec   .          Harm     .   (no cloak)
rCorr   .          Rampage  .   (no gloves)
Will    .....                   (no boots)
Stlth   ..........              (no amulet)
HPRegen 0.11/turn               (no ring)
MPRegen 0.09/turn               (no ring)

@: no status effects
A: condensation shield, weakness stinger 2, high MP 1, wild magic 1
a: no special abilities


You were on level 3 of the Dungeon.
You visited 1 branch of the dungeon, and saw 3 of its levels.

You collected 118 gold pieces.

Inventory:

Hand Weapons
 a - a +0 war axe (weapon)
Missiles
 i - 5 poisoned darts (quivered)
Armour
 b - a +0 scale mail (worn)
 c - a +0 buckler (worn)
Scrolls
 g - a scroll of noise {unknown}
 h - a scroll of amnesia {unknown}
 k - a scroll of poison {unknown}
 l - 2 scrolls of magic mapping {unknown}
 m - a scroll of teleportation {unknown}
 n - a scroll of vulnerability {unknown}
Potions
 d - a potion of might
 f - a potion of flight {unknown}
 j - a potion of heal wounds {unknown}


   Skills:
 - Level 3.0 Fighting
 + Level 4.7 Axes
 - Level 2.6 Armour
 - Level 2.6 Shields


You had 3 spell levels left.
You didn't know any spells.
Your spell library contained the following spells:

 Spells                   Type           Power      Damage    Failure   Level
 Apportation              Tloc           0%         N/A       89%         1
 Necrotise                Necr           0%         1d4       89%         1
 Shock                    Conj/Air       0%         1d3       89%         1
 Summon Small Mammal      Summ           0%         N/A       89%         1
 Swiftness                Air            0%         N/A       99%         3
 Airstrike                Air            0%         0-1+      100%        4


Dungeon Overview and Level Annotations

Branches:
Dungeon (3/15)

Altars:

Shops:
D:2 (


Innate Abilities, Weirdness & Mutations

A meltable shield of frost defends you. (SH +4)
You have a tail ending in a sharp stinger.
You have an increased reservoir of magic. (+10% MP)
Your spells are a little harder to cast, but a little more powerful.


Message History

You slash the orc!
You kill the orc!
The orc barely misses you.
You closely miss the orc.
An adder comes into view.
You block the orc's attack.
A gnoll comes into view. It is wielding a +0 club.
A gnoll comes into view. It is wielding a +0 halberd.
You block the orc's attack.
The adder hisses angrily.
The gnoll shouts!
You hit the orc. You tail-slap the orc.
You kill the orc!
You slash the gnoll! You block the gnoll's attack.
You slash the gnoll!
You kill the gnoll!
You hit the gnoll. You block the gnoll's attack.
A goblin comes into view. It is wielding a +0 club.
The gnoll barely misses you.
You hit the gnoll.
You kill the gnoll!
You closely miss the orc.
Your tail-slap misses the orc.
You block the orc's attack. The adder bites you but does no damage.
You closely miss the adder. You closely miss the orc.
You hit the gnoll but do no damage. The adder barely misses you.
The gnoll hits you from afar with a +0 halberd!
You block the orc's attack. The gnoll hits you with a +0 club.
You are too injured to fight recklessly!
You are too injured to fight recklessly!
You are too injured to fight recklessly!
You are too injured to fight recklessly!
It was a potion of mutation.
You feel extremely strange.
You feel more energetic.
You feel less in control of your magic. The adder bites you.
* * * LOW HITPOINT WARNING * * *
The orc hits you with a +1 hand axe of freezing.
* * * LOW HITPOINT WARNING * * *
The orc freezes you.
* * * LOW HITPOINT WARNING * * *
The gnoll hits you from afar with a +0 halberd!
You die...

.. ......#..##.# ..
.##.#...#".##.# .
.............. .
.........##.# .# ###
#.#...g..##.##.####
....##.#......##........
.........g....##........
#....g...?..<†.†......
####S@.........##.####
#o##.)..##### ...
#.))..# ....# #....##
....P. #.....# ......
#...#.# ..PP. #......
..PP. #...##.# #...# ..


You could see 2 gnolls, an adder, an orc and a goblin.

Vanquished Creatures
  4 gnolls (D:3)
  2 adders
  A worm (D:2)
  3 dart slugs
  3 orcs (D:3)
  6 endoplasms
  3 giant cockroaches
  7 goblins
  5 hobgoblins
  4 jackals (D:1)
  4 kobolds
  A quokka (D:1)
  5 ball pythons (D:1)
  2 bats
  3 frilled lizards
  4 rats (D:2)
57 creatures vanquished.

Vanquished Creatures (others)
  20 plants
20 creatures vanquished.

Grand Total: 77 creatures vanquished

Notes
Turn   | Place    | Note
-------+----------+-------------------------------------------
     0 | D:1      | blackman the Demonspawn Fighter began the quest for the
                  | Orb.
     0 | D:1      | Reached XP level 1. HP: 18/18 MP: 1/1
    79 | D:1      | Reached skill level 2 in Axes
   340 | D:1      | Discovered your monstrous ancestry.
   340 | D:1      | Gained mutation: You have a small tail. [demonic ancestry]
   340 | D:1      | Reached XP level 2. HP: 17/24 MP: 2/2
   612 | D:1      | Found a faded altar of an unknown god.
   705 | D:1      | Reached skill level 3 in Axes
   863 | D:1      | Gained mutation: A meltable shield of frost defends you.
                  | (SH +4) [demonic ancestry]
   863 | D:1      | Reached XP level 3. HP: 25/29 MP: 3/3
  1522 | D:2      | Found Picwez's Antique Weapon Shoppe.
  1830 | D:2      | Gained mutation: You have a tail ending in a sharp stinger.
                  | [demonic ancestry]
  1830 | D:2      | Reached XP level 4. HP: 29/35 MP: 4/4
  1871 | D:3      | Reached skill level 4 in Axes
  2043 | D:3      | Gained mutation: You have an increased reservoir of magic.
                  | (+10% MP) [potion of mutation]
  2043 | D:3      | Gained mutation: Your spells are a little harder to cast,
                  | but a little more powerful. [potion of mutation]
  2043 | D:3      | Slain by a gnoll

Illustrated notes

Levels and vault maps discovered:
D:1:      lordsloth_arrival_two_stooges, layout_basic, basic_ecumenical_altar,
          serial_bayou_lagoon_b
D:2:      layout_loops_ring, serial_shops, nicolae_shop_trees,
          minmay_heptomino_h4
D:3:      minmay_bubble_buster, layout_basic, nicolae_grassy_gnolls

Skill      XL: |  1  2  3  4 |
---------------+-------------+-----
Axes           | 2 3 4 |  4.7
Fighting       | |  3.0
Armour         | |  2.6
Shields        | |  2.6

Action                   |  1- 3 |  4- 6 || total
-------------------------+-------+-------++-------
Melee: War axe           |   115 |    26 ||   141
       Tailslap          |     7 |     3 ||    10
  Use: Potion            |       |     1 ||     1
Armor: Scale mail        |    58 |     4 ||    62
Dodge: Dodged            |    33 |    11 ||    44
Block: Buckler           |    39 |    17 ||    56

Table legend: (Time is in decaauts)
 A = Elapsed time spent in this place.
 B = Non-inter-level travel time spent in this place.
 C = Inter-level travel time spent in this place.
 D = Time resting spent in this place.
 E = Time spent auto-exploring this place.
 F = Levels seen in this place.
 G = Mean time per level.
                   A        B        C        D        E       F      G
               +--------+--------+--------+--------+--------+-----+--------+
         Total |   2121 |   2036 |     85 |    120 |   1581 |   3 |  707.0 |
       Dungeon |   2121 |   2036 |     85 |    120 |   1581 |   3 |  707.0 |
               +--------+--------+--------+--------+--------+-----+--------+

Top non-repeatable levels by time:
     D:1: 1331 daAuts
     D:2: 599 daAuts
     D:3: 190 daAuts
